AoeStats
← Vary002

Arabia

503679586Analyzed
1v1 RM · 1mo ago on Sep 1, 2026· 31m 11s· 2 players
Game mode
Random Map
Map size
Tiny (2 player)
Population
200
Speed
Normal
Resources
Standard
Victory
Conquest
Starting age
Dark Age
Ending age
Imperial Age
RankedLock teamsTeams togetherTeam positionsShared explorationLock speedFull tech treeHidden civsTurbo modeCheats
Victory
Defeat
🇨🇿 Wei · Czechia
1032
+15
🇧🇷 Magyars · Brazil
1012
-15
Poucas_Trancas
3:46 Loom
10:19 Feudal Age
10:46 Double-Bit Axe
10:59 Horse Collar
16:50 Scale Barding Armor
22:31 Castle Age
21:23 Bloodlines
21:06 Gold Mining
21:09 Stone Mining
24:53 Chain Barding Armor
25:16 Gold Shaft Mining
25:07 Husbandry
27:08 Elite Skirmisher
28:19 Fletching
29:28 Town Watch
30:21 Wheelbarrow
Vary002
11:07 Feudal Age
16:25 Castle Age
16:59 Loom
18:35 Squires
18:29 Double-Bit Axe
21:16 Fletching
21:59 Bow Saw
22:28 Gold Mining
22:32 Horse Collar
23:36 Bodkin Arrow
26:12 Thumb Ring
26:29 Padded Archer Armor
26:47 Pikeman
27:55 Scale Mail Armor
30:48 Ballistics
Connection lost

Rejoining the realm…

Still unreachable

The connection could not be restored.

Session expired

The server has moved on; the page needs a fresh start.